 Dungeon Crawl Stone Soup version 0.24.0-1-gfbc8707 (webtiles) character file.

Game seed: 202265530273882132, levelgen mode: deterministic

2426 Buxparty the Chopper (level 9, 0/71 HPs)
             Began as a Mummy Fighter on Jan 7, 2020.
             Slain by a hungry ghost (1 damage)
             ... on level 7 of the Dungeon.
             The game lasted 00:21:39 (5944 turns).

Buxparty the Chopper (Mummy Fighter)                Turns: 5944, Time: 00:21:39

Health: 0/71       AC: 11    Str: 22    XL:     9   Next: 24%
Magic:  0/18       EV:  6    Int: 11    God:
Gold:   306        SH: 10    Dex: 11    Spells: 8/8 levels left

rFire    x . .     SeeInvis .   a - +1 war axe
rCold    + . .     Gourm    .   c - +0 shield
rNeg     + + +     Faith    .   v - +0 chain mail
rPois    ∞         Spirit   +   i - +0 helmet
rElec    .         Reflect  .   (no cloak)
rCorr    .         Harm     .   u - +0 pair of gloves
MR       +....                  (no boots)
Stlth    ..........             f - amulet of guardian spirit
HPRegen  0.21/turn              l - +3 ring of intelligence
MPRegen  0.16/turn              m - ring of magical power

@: no status effects
A: no food or potions, fire vulnerability, cold resistance 1, negative energy
resistance 3, torment resistance, unbreathing
a: no special abilities


You were on level 7 of the Dungeon.
You were not hungry.

You visited 1 branch of the dungeon, and saw 7 of its levels.
You also visited: Sewer.

You collected 306 gold pieces.

Inventory:

Hand Weapons
 a - a +1 war axe (weapon)
Missiles
 d - 47 poisoned darts (quivered)
Armour
 c - a +0 shield (worn)
 i - a +0 helmet (worn)
 u - a +0 pair of gloves (worn)
 v - a +0 chain mail (worn)
Jewellery
 f - an amulet of guardian spirit (around neck)
 l - a +3 ring of intelligence (left hand)
 m - a ring of magical power (right hand)
Wands
 j - a wand of flame (18)
 s - a wand of paralysis (6)
Scrolls
 b - a scroll of silence {unknown}
 e - a scroll of magic mapping
 g - a scroll of enchant weapon
 h - 8 scrolls of teleportation
 k - 2 scrolls of identify
 n - a scroll of noise {unknown}
 o - a scroll of remove curse
 p - 2 scrolls of immolation {unknown}
 r - a scroll of amnesia {unknown}
 w - a scroll of fog {unknown}


   Skills:
 + Level 6.9 Fighting
 * Level 7.5 Axes
 - Level 2.4 Armour
 + Level 5.8 Shields


You had 8 spell levels left.
You didn't know any spells.
Your spell library was empty.

Dungeon Overview and Level Annotations

Branches:
Dungeon (7/15)              Sewer (visited)
 Temple: D:4-7

Altars:
Yredelemnul

Shops:
D:5 *

Annotations:
D:6 1 runed translucent door, Buxparty's ghost, novice SpAs


Innate Abilities, Weirdness & Mutations

You do not eat or drink.
Your flesh is vulnerable to fire.
You are immune to poison.
Your flesh is cold resistant. (rC+)
You are immune to negative energy. (rN+++)
You are immune to unholy pain and torment.
You can survive without breathing.


Message History

You closely miss the orc warrior.
The orc warrior is almost dead.
The orc warrior hits you with a +0 battleaxe!
You closely miss the orc warrior.
The orc warrior is almost dead.
The orc warrior hits you with a +0 battleaxe!
You closely miss the orc warrior.
The orc warrior is almost dead.
The orc warrior hits you with a +0 battleaxe!!
* * * LOW HITPOINT WARNING * * *
You barely miss the orc warrior.
The orc warrior is almost dead.
The orc warrior hits you with a +0 battleaxe!!
* * * LOW HITPOINT WARNING * * *
You slash the orc warrior!
You kill the orc warrior!
You hit the hungry ghost.
The hungry ghost is lightly damaged.
The hungry ghost hits you.
You die...

...... ......##
....>).# ...Y.oo#
.....# ..)#
###.###Y##########
.......ooW@......?
##.###.##########
#<# #.# #.# ..)
#.... .....#
....#.#


You could see a hungry ghost, an ice beast and 2 orcs.

Vanquished Creatures
  Grinder (D:3)
  Menkaure (D:5)
  A sky beast (D:6)
  2 ice beasts
  An orc warrior (D:7)
  5 ogres
  A big kobold (Sewer)
  Blork the orc (D:6)
  A bullfrog (D:6)
  2 howler monkeys (D:6)
  6 crimson imps
  A bullfrog zombie (D:5)
  2 hounds
  A centaur skeleton (D:5)
  3 orc wizards
  An orc priest (D:3)
  Terence (D:3)
  8 worker ants
  2 hound zombies (D:6)
  A hound skeleton (D:6)
  11 adders
  6 gnolls
  A river rat (Sewer)
  A shadow imp (D:6)
  An ooze (D:3)
  An adder skeleton (D:5)
  5 worms
  2 dart slugs (D:2)
  A leopard gecko (D:2)
  30 orcs
  10 bats
  4 giant cockroaches
  10 goblins
  14 hobgoblins
  5 jackals
  11 kobolds
  2 quokkas
  6 frilled lizards
  A leopard gecko skeleton (D:6)
  A quokka zombie (D:5)
  9 rats
174 creatures vanquished.

Notes
Turn   | Place    | Note
-------+----------+-------------------------------------------
     0 | D:1      | Buxparty the Mummy Fighter began the quest for the Orb.
     0 | D:1      | Reached XP level 1. HP: 18/18 MP: 1/1
   167 | D:1      | Reached skill level 2 in Axes
   167 | D:1      | Reached XP level 2. HP: 24/24 MP: 2/2
   439 | D:2      | Reached XP level 3. HP: 28/29 MP: 3/3
   630 | D:2      | Reached XP level 4. HP: 31/35 MP: 4/4
  1061 | D:2      | Reached skill level 3 in Axes
  1451 | D:3      | Reached XP level 5. HP: 42/42 MP: 5/5
  1584 | D:3      | Noticed Terence
  1594 | D:3      | Killed Terence
  1665 | D:3      | Noticed Grinder
  1674 | D:3      | Paralysed by Grinder for 2 turns
  1687 | D:3      | Paralysed by Grinder for 7 turns
  1700 | D:3      | Paralysed by Grinder for 4 turns
  1704 | D:3      | Killed Grinder
  1704 | D:3      | Reached skill level 4 in Axes
  1704 | D:3      | Reached XP level 6. HP: 27/49 MP: 6/6
  2331 | D:4      | Reached XP level 7. HP: 50/55 MP: 7/7
  2843 | D:5      | Entered Level 5 of the Dungeon
  2865 | D:5      | Reached skill level 5 in Fighting
  2865 | D:5      | Reached skill level 5 in Axes
  3091 | D:5      | Reached XP level 8. HP: 61/63 MP: 8/8
  3429 | D:5      | Found Cetoomo's Assorted Antiques.
  3562 | D:5      | Noticed Menkaure
  3567 | D:5      | Killed Menkaure
  3567 | D:5      | Reached skill level 6 in Axes
  3575 | D:5      | Reached skill level 5 in Shields
  3717 | D:5      | Got an ichor-stained quarterstaff
  3722 | D:5      | Identified the +3 quarterstaff "Xaumel" {elec, rElec rPois
                  | Int+2 Stlth-} (You found it on level 5 of the Dungeon)
  3908 | D:6      | Found a runed translucent door.
  3921 | D:6      | Noticed Buxparty's ghost (novice SpAs)
  4098 | D:6      | Found a glowing drain.
  4137 | Sewer    | Entered a sewer
  4337 | Sewer    | Reached skill level 7 in Axes
  4351 | Sewer    | Found a white marble altar of Elyvilon.
  4417 | D:6      | Reached XP level 9. HP: 52/71 MP: 9/9
  4528 | D:6      | Noticed a two-headed ogre
  5020 | D:6      | Found a basalt altar of Yredelemnul.
  5026 | D:6      | Noticed a troll
  5679 | D:6      | Noticed Blork the orc
  5683 | D:6      | Killed Blork the orc
  5942 | D:7      | HP: 1/71 [orc warrior/+0 battleaxe (16)]
  5944 | D:7      | Slain by a hungry ghost

Levels and vault maps discovered:
D:1:      lemuel_arrival_funnel, layout_rooms, minivault_26,
          grunt_decor_one_mirror, minmay_misc_feat_pillars
D:2:      layout_rooms
D:3:      layout_basic, kennysheep_generic_room_14, uniq_terence, uniq_grinder
D:4:      layout_rooms, chequers_serial_rivers_micro_e
D:5:      layout_basic, serial_shops, nicolae_shop_waterfront, first_ration,
          uniq_menkaure
D:6:      layout_loops_ring, ebering_ghost_sewer_d, gup_sewer_entry_glass,
          minmay_ruined_shrine, uniq_blork_the_orc
D:7:      layout_loops_ring, gammafunk_temple_of_torment,
          minmay_temple_entry_large_hall, uniq_duvessa

Skill      XL: |  1  2  3  4  5  6  7  8 |
---------------+-------------------------+-----
Axes           | 2 3 4 5 7 |  7.5
Shields        | 3 4 5 |  5.8
Fighting       | 4 5 6 |  6.9
Armour         | |  2.4

Action                   |  1- 3 |  4- 6 |  7- 9 || total
-------------------------+-------+-------+-------++-------
Melee: War axe           |   112 |   224 |   367 ||   703
Throw: Dart              |       |     8 |    13 ||    21
  Use: Scroll            |       |       |     6 ||     6
Armor: Scale mail        |    73 |    93 |   162 ||   328
       Chain mail        |       |       |     9 ||     9
Dodge: Dodged            |    39 |    72 |    87 ||   198
Block: Shield            |    69 |   107 |   193 ||   369
